AoeStats
← deagle

Black Forest

506504795Analyzed
2v2 RM · 17d ago on Sep 13, 2026· 69m 25s· 4 players
Game mode
Random Map
Map size
Medium (4 player)
Population
200
Speed
Normal
Resources
Standard
Victory
Conquest
Starting age
Dark Age
Ending age
Imperial Age
RankedLock teamsTeams togetherTeam positionsShared explorationLock speedFull tech treeHidden civsTurbo modeCheats
Victory
Defeat
🇦🇷 Huns · Argentina
1112
+18
🇧🇪 Persians · Belgium
1085
+19
🇦🇷 Bulgarians · Argentina
1154
-19
🇦🇷 Burgundians · Argentina
1141
-18
LSD SaChOuSs
11:00 Feudal Age
9:20 Loom
11:32 Double-Bit Axe
11:29 Horse Collar
11:42 Man-at-Arms
14:11 Gold Mining
15:08 Wheelbarrow
17:59 Castle Age
21:07 Heavy Plow
21:55 Bow Saw
23:18 Stone Mining
25:49 Hand Cart
27:39 Kamandaran
31:06 Imperial Age
28:36 Crossbowman
30:28 Gold Shaft Mining
30:34 Stone Shaft Mining
30:04 Fletching
30:15 Padded Archer Armor
30:53 Thumb Ring
31:06 Scale Barding Armor
31:12 Forging
32:47 Conscription
33:59 Chain Barding Armor
33:35 Bodkin Arrow
33:56 Leather Archer Armor
34:16 Iron Casting
35:23 Two-Man Saw
34:54 Crop Rotation
36:02 Plate Barding Armor
35:57 Ballistics
35:33 Murder Holes
36:39 Chemistry
36:11 Elite War Elephant
39:21 Blast Furnace
38:51 Ring Archer Armor
38:51 Caravan
44:36 Guilds
46:27 Scale Mail Armor
53:56 Hoardings
57:48 Chain Mail Armor
63:59 Masonry
63:40 Heated Shot
64:04 Bloodlines
63:55 Husbandry
63:47 Gambesons
63:29 Pikeman
64:10 Squires
64:45 Plate Mail Armor
deagle
3:35 Loom
11:35 Feudal Age
17:01 Castle Age
15:42 Fletching
16:00 Double-Bit Axe
18:19 Bow Saw
19:27 Bodkin Arrow
24:40 Horse Collar
28:34 Ballistics
28:44 Gold Mining
30:24 Thumb Ring
31:18 Wheelbarrow
32:57 Hand Cart
32:57 Heavy Plow
33:57 Town Watch
37:47 Imperial Age
36:37 Stone Mining
37:25 Gold Shaft Mining
37:22 Caravan
38:34 Town Patrol
39:12 Bracer
41:18 Chemistry
40:49 Scale Barding Armor
43:11 Masonry
46:20 Parthian Tactics
48:30 Elite Skirmisher
49:08 Pikeman
49:48 Squires
50:03 Forging
49:53 Scale Mail Armor
51:22 Iron Casting
51:41 Chain Mail Armor
53:07 Blast Furnace
51:30 Halberdier
53:07 Heavy Cavalry Archer
56:17 Conscription
58:34 Padded Archer Armor
58:54 Chain Barding Armor
59:00 Husbandry
59:44 Bloodlines
60:27 Elite Tarkan
62:10 Marauders
Dionny
2:35 Loom
13:02 Feudal Age
13:09 Feudal Age
17:16 Castle Age
15:56 Double-Bit Axe
16:02 Gold Mining
16:04 Stone Mining
16:48 Horse Collar
20:05 Bow Saw
22:31 Heavy Plow
25:19 Scale Barding Armor
25:29 Town Watch
27:28 Wheelbarrow
27:21 Chain Barding Armor
28:43 Bloodlines
29:59 Husbandry
30:11 Forging
32:30 Hand Cart
32:33 Pikeman
33:15 Scale Mail Armor
36:44 Imperial Age
35:20 Squires
35:36 Chain Mail Armor
35:57 Iron Casting
35:12 Fletching
35:37 Masonry
35:25 Murder Holes
36:21 Gold Shaft Mining
36:25 Stone Shaft Mining
37:01 Stirrups
37:04 Bodkin Arrow
37:12 Caravan
36:59 Halberdier
39:17 Blast Furnace
38:47 Plate Mail Armor
39:04 Crop Rotation
39:14 Fervor
38:53 Onager
40:07 Conscription
40:49 Plate Barding Armor
40:16 Bracer
42:43 Siege Engineers
43:09 Architecture
44:53 Chemistry
47:06 Illumination
46:21 Light Cavalry
48:57 Elite Skirmisher
50:31 Padded Archer Armor
52:02 Leather Archer Armor
52:23 Plate Barding Armor
56:52 Theocracy
64:43 Coinage
64:44 Siege Onager
R O B I N
0:46 Loom
14:50 Feudal Age
19:15 Castle Age
17:20 Double-Bit Axe
18:46 Bow Saw
25:50 Fletching
34:19 Horse Collar
40:55 Imperial Age
39:03 Wheelbarrow
38:18 Town Watch
38:31 Gold Mining
38:32 Stone Mining
38:14 Cavalier
38:55 Husbandry
42:51 Chemistry
44:00 Paladin
48:31 Scale Barding Armor
48:38 Forging
50:53 Light Cavalry
53:18 Iron Casting
55:18 Elite Skirmisher
56:00 Padded Archer Armor
56:30 Hussar
61:03 Bodkin Arrow
61:24 Leather Archer Armor
61:43 Bracer
Connection lost

Rejoining the realm…

Still unreachable

The connection could not be restored.

Session expired

The server has moved on; the page needs a fresh start.